 Dungeon Crawl Stone Soup version 0.28.0-43-g3370ac3207 (webtiles) character file.

Game seed: 2024624242147311708

29 cbfl8 the Sneak (level 3, 0/33 HPs)
             Began as a Minotaur Delver on Mar 24, 2022.
             Splashed by a jelly's acid (9 damage)
             ... in the Ecumenical Temple.
             The game lasted 00:00:23 (169 turns).

cbfl8 the Sneak (Minotaur Delver)                    Turns: 169, Time: 00:00:24

Health: 0/33       AC: -4    Str: 18    XL:     3   Next: 1%
Magic:  2/2        EV: 12    Int:  7    God:
Gold:   0          SH:  0    Dex: 11    Spells: 2/2 levels left

rFire   . . .      SeeInvis .   a - +0 hand axe
rCold   . . .      Faith    .   (no shield)
rNeg    . . .      Spirit   .   b - +0 leather armour
rPois   .          Reflect  .   (helmet restricted)
rElec   .          Harm     .   (no cloak)
rCorr   .          Rampage  .   (no gloves)
Will    .....                   (no boots)
Stlth   ++........              (no amulet)
HPRegen 0.11/turn               (no ring)
MPRegen 0.08/turn               (no ring)

@: corroded
A: horns 2, retaliatory headbutt
a: no special abilities


You were in the Ecumenical Temple.
You visited 2 branches of the dungeon, and saw 2 of its levels.

Inventory:

Hand Weapons
 a - a +0 hand axe (weapon)
Armour
 b - a +0 leather armour (worn)
Wands
 g - a wand of digging (3)
Scrolls
 c - a scroll of fog
 e - a scroll of fear
Potions
 f - a potion of haste


   Skills:
 + Level 3.8 Fighting
 + Level 2.7 Axes
 + Level 1.0 Armour
 + Level 2.2 Dodging
 + Level 4.6 Stealth


You had 2 spell levels left.
You didn't know any spells.
Your spell library was empty.

Dungeon Overview and Level Annotations

Branches:
Dungeon (5/15)             Temple (1/1) D:5

Altars:


Innate Abilities, Weirdness & Mutations

You have a pair of horns on your head.
You reflexively headbutt those who attack you in melee.


Message History

You hit the centaur skeleton.
The centaur skeleton is heavily damaged.
The centaur skeleton hits you. The centaur skeleton barely misses you.
You hit the centaur skeleton.
The centaur skeleton is heavily damaged.
The centaur skeleton barely misses you.
The centaur skeleton closely misses you.
The centaur skeleton barely misses you. You furiously retaliate!
You headbutt the centaur skeleton.
The centaur skeleton kicks you but does no damage.
You slash the centaur skeleton! You headbutt the centaur skeleton.
You destroy the centaur skeleton!
Your Armour skill increases to level 1!
You have reached level 2!
You have reached level 3!
Your experience leads to an increase in your attributes!
Increase (S)trength, (I)ntelligence, or (D)exterity?
You feel stronger. x2
You start resting.
HP restored.
Found a staircase to the Ecumenical Temple.
A jelly comes into view.
The jelly quivers.
Found a scroll of fog.
The jelly hits you. The acid corrodes you!
You are splashed with acid!
A bullfrog skeleton comes into view.
Found a puce potion.
The jelly misses you. The jelly misses you. You furiously retaliate!
You headbutt the jelly.
A bullfrog zombie comes into view.
There is a staircase to the Ecumenical Temple here.
The jelly hits you. The acid corrodes you!
You are splashed with acid!
You climb downwards.
Welcome to the Ecumenical Temple!
There is a staircase back to the Dungeon here.
You hit the jelly but do no damage.
Your hands burn!
You headbutt the jelly.
The jelly is severely wounded.
The jelly hits you.
* * * LOW HITPOINT WARNING * * *
You are splashed with acid!
You die...

# .. .. .. ##.
. . ..# ...
.###. ...
..##...##.. .
#.......# .
...#.......#...
#....J....#
#....@....#
#.........#
...#.......#...
. #.......# .
..##...##.. ...
.###. ... #.. .
. .## .. .. ..
#


You could see a jelly.

Vanquished Creatures
  A centaur skeleton (D:5)
1 creature vanquished.

Notes
Turn   | Place    | Note
-------+----------+-------------------------------------------
     0 | D:5      | cbfl8 the Minotaur Delver began the quest for the Orb.
     0 | D:5      | Reached XP level 1. HP: 19/19 MP: 0/0
     8 | D:5      | Noticed an iguana
    26 | D:5      | Reached skill level 1 in Armour
    26 | D:5      | Reached XP level 2. HP: 16/27 MP: 1/1
    26 | D:5      | Reached XP level 3. HP: 20/33 MP: 2/2
   154 | D:5      | Found a staircase to the Ecumenical Temple.
   168 | Temple   | Entered the Ecumenical Temple
   169 | Temple   | Splashed by a jelly's acid

Illustrated notes

Levels and vault maps discovered:
D:5:      layout_loops_corners, minmay_temple_entry_drinking_statues
Temple:   regret_index_temple_sphere_string

Skill      XL: |  1 |
---------------+----+-----
Armour         | 1 |  1.0
Fighting       | |  3.8
Axes           | |  2.7
Dodging        | |  2.2
Stealth        | |  4.6

Action                   || total
-------------------------++-------
Melee: Hand axe          ||     5
       Headbutt          ||     3
  Use: Scroll            ||     1
Armor: Leather armour    ||     1
Dodge: Dodged            ||     8
